 Dungeon Sprint DCSS version bcrawl-1.31.3 (webtiles) character file.

Game seed: 4958937089942371774

654815 Groucho the Fighter (level 6, -7/62 HPs)
             Began as a Ghoul Fighter on Apr 21, 2021.
             Was a Follower of Makhleb.
             Mangled by a troll (15 damage)
             ... in the Dungeon (Sprint IX: "|||||||||||||||||||||||||||||").
             The game lasted 00:02:01 (233 turns).

Groucho the Fighter (Ghoul Fighter)                  Turns: 233, Time: 00:02:01

Health: -7/62      AC: 13    Str: 23    XL:     6   Next: 87%
Magic:  5/5        EV:  6    Int:  3    God:    Makhleb [*.....]
Gold:   0          SH: 12    Dex: 10    Spells: 5/5 levels left

rFire    . . .     SeeInvis .   a - +0 long sword
rCold    + . .     Gourm    .   c - +0 medium shield
rNeg     + + +     Faith    .   u - +1 scale mail
rPois    ∞         Spirit   .   r - +0 helmet
rElec    .         Reflect  .   q - +0 cloak
rCorr    .         Harm     .   (no gloves)
MR       .....     NoTele   +   (no boots)
Stlth    ..........             (no amulet)
HPRegen  0.00/turn              s - +3 ring of strength
MPRegen  0.09/turn              t - +2 ring of protection

@: rotting
A: rotting body, claws 1, carnivore, cold resistance 1, negative energy
resistance 3, inhibited regeneration, torment resistance, unbreathing
a: Minor Destruction, Renounce Religion


You were in the Dungeon.
You worshipped Makhleb.
Makhleb was aware of your devotion.
You were not hungry.

You visited 1 branch

Inventory:

Hand Weapons
 a - a +0 long sword (weapon)
 o - the +2 scimitar "Dragonslayer" {drain, Int+3 Dex+2 Stlth-}
   (You found it in the Dungeon)

   A truly terrible weapon, it drains the life of those it strikes.
   It affects your intelligence (+3).
   It affects your dexterity (+2).
   It makes you less stealthy.
 p - the +2 morningstar of Gozag {venom, rN++ Dex-2}
   (You found it in the Dungeon)

   It poisons the flesh of those it strikes.
   It affects your dexterity (-2).
   It greatly protects you from negative energy.
Armour
 c - a +0 medium shield (worn)
 q - a +0 cloak (worn)
 r - a +0 helmet (worn)
 u - a +1 scale mail (worn)
Jewellery
 s - a +3 ring of strength (left claw)
 t - a +2 ring of protection (right claw)
Wands
 n - a wand of acid (10)
Scrolls
 k - 2 scrolls of blinking
 l - 3 scrolls of remove curse
 m - 2 scrolls of amnesia
Potions
 d - a potion of might
 e - 5 potions of curing
 f - a potion of invisibility
 h - a potion of haste
 i - 4 potions of magic
 j - a potion of berserk rage


   Skills:
 + Level 8.5 Fighting
 + Level 6.7 Long Blades
 + Level 7.0 Armour
 + Level 7.1 Shields


You had 5 spell levels left.
You didn't know any spells.
Your spell library was empty.

Dungeon Overview and Level Annotations

Branches:
Dungeon (1/1)

Altars:
Cheibriados
Dithmenos
Elyvilon
Fedhas
Gozag
Hepliaklqana
Kikubaaqudgha
Lugonu
Makhleb
Nemelex Xobeh
Okawaru
Qazlal
Ru
Sif Muna
Trog
Uskayaw
Vehumet
Wu Jian
Xom
Yredelemnul
Zin
The Shining One
Beogh
Jiyva


Innate Abilities, Weirdness & Mutations

Your body is rotting away.
You thrive on raw meat.
You are immune to poison.
You have sharp fingernails.
You are carnivorous and can eat meat at any time.
Your flesh is cold resistant. (rC+)
You are immune to negative energy. (rN+++)
You do not regenerate when monsters are visible.
You are immune to unholy pain and torment.
You can survive without breathing.


Message History

The troll bites you! The troll barely misses you. You block the troll's attack.
You closely miss the troll.
The troll is lightly wounded.
The troll bites you but does no damage. The troll claws you but does no damage.
The troll claws you.
You hit the troll but do no damage.
The troll is lightly wounded.
The troll bites you! You block the troll's attack.
The troll claws you but does no damage.
You closely miss the troll.
The troll is lightly wounded.
The troll bites you!
* * * LOW HITPOINT WARNING * * *
You block the troll's attack. x2; The troll barely misses you.
You block the troll's attack. The troll claws you.
* * * LOW HITPOINT WARNING * * *
You slice the troll!!
The troll is heavily wounded.
The troll bites you!
You die... ▓▓▓▓▓▓▓▓▓▓▓▓▓▓▓▓▓▓▓▓▓▓▓▓ _______'..|)..[.@T...... ▓▓▓▓▓▓▓▓▓▓▓▓▓▓▓▓▓▓▓▓▓▓▓▓

You could see a troll.

Vanquished Creatures
  A hippogriff (D)
  A black bear (D)
  A centaur (D)
  2 worker ants (D)
  An adder (D)
  A shadow imp (D)
  An orc (D)
  A goblin (D)
  A kobold (D)
  A quokka (D)
  A ball python (D)
  A bat (D)
  A jackal skeleton (D)
  A quokka skeleton (D)
15 creatures vanquished.

Notes
Turn   | Place    | Note
-------+----------+-------------------------------------------
     0 | D        | Groucho the Ghoul Fighter began the quest for the Orb.
     0 | D        | Reached XP level 1. HP: 19/19 MP: 0/0
    39 | D        | Noticed a worker ant
    48 | D        | Reached XP level 2. HP: 22/27 MP: 1/1
    55 | D        | Reached skill level 4 in Fighting
    64 | D        | Reached XP level 3. HP: 8/35 MP: 2/2
   101 | D        | Found a roughly hewn altar of Beogh.
   101 | D        | Found a snail-covered altar of Cheibriados.
   101 | D        | Found a shadowy altar of Dithmenos.
   101 | D        | Found a white marble altar of Elyvilon.
   101 | D        | Found a blossoming altar of Fedhas.
   101 | D        | Found an opulent altar of Gozag.
   102 | D        | Found a hazy altar of Hepliaklqana.
   103 | D        | Found a viscous altar of Jiyva.
   104 | D        | Found an ancient bone altar of Kikubaaqudgha.
   105 | D        | Found a corrupted altar of Lugonu.
   106 | D        | Found a burning altar of Makhleb.
   107 | D        | Found a sparkling altar of Nemelex Xobeh.
   108 | D        | Found an iron altar of Okawaru.
   109 | D        | Found a stormy altar of Qazlal.
   110 | D        | Found a sacrificial altar of Ru.
   111 | D        | Found a shimmering blue altar of Sif Muna.
   112 | D        | Found a bloodstained altar of Trog.
   113 | D        | Found a hide-covered altar of Uskayaw.
   114 | D        | Became a worshipper of Makhleb the Destroyer
   115 | D        | Found a radiant altar of Vehumet.
   116 | D        | Found an ornate altar of the Wu Jian Council.
   117 | D        | Found a shimmering altar of Xom.
   118 | D        | Found a basalt altar of Yredelemnul.
   119 | D        | Found a glowing silver altar of Zin.
   120 | D        | Found a glowing golden altar of the Shining One.
   137 | D        | Got the +2 scimitar "Dragonslayer" {drain, Int+3 Dex+2
                  | Stlth-}
   137 | D        | Got the +2 morningstar of Gozag {venom, rN++ Dex-2}
   183 | D        | Noticed a black bear
   183 | D        | Noticed a hippogriff
   183 | D        | Noticed a centaur
   183 | D        | Noticed a troll
   197 | D        | Killed a black bear
   198 | D        | Reached skill level 6 in Fighting
   198 | D        | Reached skill level 5 in Armour
   198 | D        | Reached skill level 5 in Shields
   198 | D        | Reached XP level 4. HP: 33/44 MP: 3/3
   198 | D        | Reached XP level 5. HP: 37/50 MP: 4/4
   202 | D        | Killed a hippogriff
   203 | D        | Reached skill level 7 in Fighting
   203 | D        | Reached XP level 6. HP: 36/61 MP: 5/5
   211 | D        | Reached * piety under Makhleb
   225 | D        | Reached skill level 8 in Fighting
   233 | D        | Mangled by a troll

Skill      XL: |  1  2  3  4  5  6 |
---------------+-------------------+-----
Long Blades    | 2 3 4 6 |  6.7
Armour         | 3 4 5 6 7 |  7.0
Shields        | 3 4 5 6 7 |  7.1
Fighting       | 4 6 7 8 |  8.5

Action                   |  1- 3 |  4- 6 || total
-------------------------+-------+-------++-------
Melee: Long sword        |    45 |    33 ||    78
  Use: Potion            |     2 |     1 ||     3
  Eat: Chunk             |     5 |       ||     5
Armor: Scale mail        |    33 |    21 ||    54
Dodge: Dodged            |    11 |     8 ||    19
Block: Medium shield     |    32 |    24 ||    56
